 Dungeon Crawl Stone Soup version 0.17-a0-1898-g78311bb (webtiles) character file.

298 Demise101 the Chopper (level 6, -3/53 HPs)
             Began as a Hill Orc Gladiator on Sept 23, 2015.
             Slain by an iguana (10 damage)
             ... on level 4 of the Dungeon on Sept 24, 2015.
             The game lasted 00:03:20 (3259 turns).

Demise101 the Chopper (Hill Orc Gladiator)          Turns: 3259, Time: 00:03:21

Health: -3/53      AC: 12    Str: 18    XL:     6   Next: 35%
Magic:  6/6        EV:  6    Int: 10    God:
Gold:   109        SH:  0    Dex: 11    Spells: 0 memorised, 5 levels left

rFire  . . .     SeeInvis .     a - +0 war axe
rCold  . . .     Clarity  .     F - +0 plate armour
rNeg   . . .     SustAt   .     (no shield)
rPois  .         Gourm    .     c - +0 helmet
rElec  .         Spirit   .     (no cloak)
rCorr  .         Warding  .     (no gloves)
rMut   .         Stasis   .     (no boots)
MR     .....                    (no amulet)
Stlth  ..........               k - ring of wizardry
                                g - ring of stealth

@: not resistant to hostile enchantments, extremely unstealthy
A: no striking features
a: Convert to Beogh


You were on level 4 of the Dungeon.
You were not hungry.

You visited 1 branch of the dungeon, and saw 4 of its levels.

You collected 109 gold pieces.

Inventory:

Hand weapons
 a - a +0 war axe (weapon)
Missiles
 d - 3 throwing nets (quivered)
Armour
 b - a +0 leather armour
 c - a +0 helmet (worn)
 o - a +0 scale mail
 F - a +0 plate armour (worn)
Jewellery
 g - a ring of stealth (left hand)
 k - a ring of wizardry (right hand)
 s - a +4 ring of strength {unknown}
Scrolls
 h - 3 scrolls of teleportation {unknown}
 i - a scroll of blinking {unknown}
 l - a scroll of random uselessness {unknown}
 n - 2 scrolls of enchant armour {unknown}
 v - a scroll of fog {unknown}
 x - a scroll of immolation {unknown}
 y - 3 scrolls of remove curse {unknown}
 z - 2 scrolls of noise {unknown}
 B - 4 scrolls of identify {unknown}
Potions
 j - a potion of lignification {unknown}
 m - 3 potions of curing {unknown}
 p - a potion of flight {unknown}
 q - a potion of cancellation {unknown}
 r - a potion of cure mutation {unknown}
 t - a potion of degeneration {unknown}
 w - a potion of agility {unknown}
 D - 2 potions of resistance {unknown}
 E - a potion of haste {unknown}
 G - a potion of heal wounds {unknown}
Comestibles
 e - 4 bread rations
 f - a chunk of flesh
 u - 4 fruits
 A - a beef jerky
 C - 3 meat rations


   Skills:
 + Level 4.4 Fighting
 * Level 7.1 Axes
 - Level 2.0 Throwing
 + Level 2.9 Armour
 - Level 2.4 Dodging


You had 5 spell levels left.
You didn't know any spells.

Dungeon Overview and Level Annotations

Branches:
Dungeon (4/15)
 Temple: D:4-7

Altars:
Dithmenos
Gozag
Qazlal
Trog


Message History

The iguana is moderately wounded.
The orc priest shouts, "Surrender to Beogh and we'll let you live!"
The iguana bites you but does no damage.
The orc priest looks braver for a moment.
The iguana bites you but does no damage.
An orc comes into view. It is wielding a hand axe.
The orc shouts!
You slash the orc priest!
The orc priest is almost dead.
Your plate armour prevents you from hitting the orc.
You hit the iguana.
The iguana is heavily wounded.
The orc priest shouts, "Surrender to Beogh and we'll let you live!"
The orc priest shouts, "Beogh is our master!
Accept the truth or die!"
The orc hits you but does no damage.
The orc priest mumbles some strange prayers to Beogh against you.
Pain shoots through your body!
* * * LOW HITPOINT WARNING * * *
The iguana bites you!
You die...

#.....###..##.##<..........
#..........##.##.###......#
##########.......# #.#....#
####.#### #....... ### #.#
#.#..... .. #.# #.#.....
####. #.# #.......
#...o###.# ####.##.##.
#O..o@...###.##.......
#o.?..l.#####.#.........
........##..>###.###.##.
#.......##.##.#.###...#.
###...####.###.#####.##.
#... #.......# #.### ####
#.#####.# #.# #.#####.# #.#
#....##.# #.#


You could see an ogre, an iguana, an orc priest and 2 orcs.

Vanquished Creatures
  The ghost of dontdoit the Shooter, a weakling MiWn (D:3)
  An orc wizard (D:3)
  An orc priest (D:3)
  A worker ant (D:4)
  A hound skeleton (D:4)
  6 adders
  A worm (D:3)
  6 giant geckos
  14 orcs
  4 giant cockroaches
  9 goblins
  8 hobgoblins
  6 jackals
  7 kobolds
  2 quokkas (D:3)
  A ball python (D:3)
  7 bats
  7 giant newts
  5 rats
88 creatures vanquished.

Notes
Turn   | Place    | Note
--------------------------------------------------------------
     0 | D:1      | Demise101 the Hill Orc Gladiator began the quest for the Orb.
     0 | D:1      | Reached XP level 1. HP: 18/18 MP: 1/1
   244 | D:1      | Reached XP level 2. HP: 25/25 MP: 2/2
   767 | D:1      | Reached XP level 3. HP: 31/31 MP: 3/3
   848 | D:2      | Reached skill level 5 in Axes
   925 | D:2      | Reached skill level 1 in Armour
  1361 | D:2      | Reached XP level 4. HP: 38/38 MP: 4/4
  1664 | D:2      | Found a shadowy altar of Dithmenos.
  1670 | D:2      | Found an opulent altar of Gozag.
  1674 | D:2      | Found a bloodstained altar of Trog.
  1884 | D:3      | Found a stormy altar of Qazlal.
  1966 | D:3      | Reached XP level 5. HP: 46/46 MP: 5/5
  2094 | D:3      | Noticed dontdoit's ghost (weakling MiWn)
  2115 | D:3      | Killed dontdoit's ghost
  2115 | D:3      | Reached skill level 6 in Axes
  2929 | D:3      | Reached XP level 6. HP: 37/53 MP: 6/6
  3220 | D:4      | Reached skill level 7 in Axes
  3259 | D:4      | Slain by an iguana

Vault maps used:
D:1:      lightli_arrival_isolated_outpost
D:2:      minmay_overflow_temple_star_quad
D:3:      old_standard_altar
D:4:      cheibriados_altar_1, portal_sewer_entry_f, kennysheep_generic_room_6

Action                   |  1- 3 |  4- 6 || total
-------------------------+-------+-------++-------
Melee: War axe           |   100 |   198 ||   298
  Eat: Chunk             |     2 |     6 ||     8
